AoeStats
← Muli

Arabia

505990662Analyzed
2v2 RM · 19d ago on Sep 11, 2026· 44m 34s· 4 players
Game mode
Random Map
Map size
Medium (4 player)
Population
200
Speed
Normal
Resources
Standard
Victory
Conquest
Starting age
Dark Age
Ending age
Imperial Age
RankedLock teamsTeams togetherTeam positionsShared explorationLock speedFull tech treeHidden civsTurbo modeCheats
Victory
Defeat
🇩🇪 Slavs · Germany
1212
+14
🇩🇪 Britons · Germany
1206
+14
🇦🇺 Bulgarians · Australia
1189
-14
🇨🇦 Vietnamese · Canada
1155
-14
CHUPA <AUS>
0:56 Loom
10:58 Feudal Age
13:00 Double-Bit Axe
14:09 Bloodlines
18:00 Forging
24:00 Castle Age
21:59 Horse Collar
23:53 Scale Barding Armor
23:47 Town Watch
24:02 Light Cavalry
25:20 Husbandry
25:58 Iron Casting
26:44 Chain Barding Armor
32:08 Fletching
39:15 Imperial Age
37:24 Wheelbarrow
38:51 Gold Mining
38:54 Stone Mining
39:06 Scale Mail Armor
39:02 Bodkin Arrow
bumap
10:55 Feudal Age
12:12 Loom
14:13 Double-Bit Axe
14:52 Horse Collar
19:09 Fletching
21:34 Castle Age
22:29 Bow Saw
22:13 Fletching
22:11 Crossbowman
23:51 Forging
24:47 Scale Mail Armor
27:56 Stone Mining
28:09 Heavy Plow
31:12 Squires
32:08 Gold Mining
39:08 Wheelbarrow
41:28 Iron Casting
41:25 Pikeman
42:48 Chain Mail Armor
45:16 Hand Cart
Invictus SPQR
6:30 Loom
8:49 Feudal Age
9:39 Double-Bit Axe
14:55 Horse Collar
20:28 Castle Age
19:10 Scale Barding Armor
19:20 Gold Mining
19:54 Bloodlines
21:19 Wheelbarrow
21:36 Forging
23:01 Bow Saw
26:21 Chain Barding Armor
27:43 Husbandry
28:25 Town Watch
33:41 Hand Cart
38:43 Imperial Age
36:31 Detinets
38:21 Gold Shaft Mining
38:23 Iron Casting
40:44 Plate Barding Armor
41:34 Conscription
42:16 Blast Furnace
43:51 Elite Boyar
Muli
4:58 Loom
11:14 Feudal Age
19:27 Castle Age
22:37 Double-Bit Axe
23:49 Fletching
24:39 Crossbowman
26:41 Bodkin Arrow
27:45 Horse Collar
29:17 Padded Archer Armor
32:24 Leather Archer Armor
32:15 Scale Barding Armor
32:42 Ballistics
33:05 Town Watch
36:16 Wheelbarrow
40:14 Imperial Age
39:00 Gold Mining
39:05 Stone Mining
40:22 Hand Cart
40:19 Bow Saw
40:27 Arbalester
41:53 Bracer
43:47 Chemistry
43:42 Ring Archer Armor
Connection lost

Rejoining the realm…

Still unreachable

The connection could not be restored.

Session expired

The server has moved on; the page needs a fresh start.